 Dungeon Crawl Stone Soup version 0.27-a0-1302-g7736ffe575 (webtiles) character file.

Game seed: 15190726990890894728

305 Delamore the Poker (level 6, -6/51 HPs)
             Began as a Formicid Fighter on June 18, 2021.
             Mangled by an iguana (11 damage)
             ... on level 4 of the Dungeon.
             The game lasted 00:02:36 (2523 turns).

Delamore the Poker (Formicid Fighter)               Turns: 2523, Time: 00:02:37

Health: -6/51      AC:  6    Str: 23    XL:     6   Next: 66%
Magic:  6/6        EV:  8    Int:  7    God:
Gold:   184        SH:  9    Dex: 10    Spells: 5/5 levels left

rFire    . . .     SeeInvis +   g - +2 dagger (elec)
rCold    . . .     Faith    .   c - +0 kite shield
rNeg     . . .     Spirit   .   b - +0 scale mail
rPois    .         Reflect  .   (helmet unavailable)
rElec    .         Harm     .   (no cloak)
rCorr    .         Rampage  .   (no gloves)
Will     .....                  (no boots)
Stlth    ..........             (no amulet)
HPRegen  0.17/turn              (no ring)
MPRegen  0.10/turn              (no ring)

@: no status effects
A: permanent stasis, dig shafts and tunnels, antennae 3, four strong arms
a: Dig, Shaft Self


You were on level 4 of the Dungeon.
You visited 1 branch of the dungeon, and saw 5 of its levels.

You collected 184 gold pieces.

Inventory:

Hand Weapons
 a - a +0 trident
 g - a +2 dagger of electrocution (weapon)
Missiles
 h - 22 poisoned darts (quivered)
Armour
 b - a +0 scale mail (worn)
 c - a +0 kite shield (worn)
Wands
 i - a wand of flame (19)
Scrolls
 e - 2 scrolls of holy word
Potions
 d - a potion of might


   Skills:
 - Level 5.0 Fighting
 * Level 5.6 Polearms
 - Level 3.2 Armour
 - Level 3.6 Shields


You had 5 spell levels left.
You didn't know any spells.
Your spell library contained the following spells:

 Spells                   Type           Power      Damage    Failure   Level
 Magic Dart               Conj           0%         1d3       98%         1
 Summon Small Mammal      Summ           0%         N/A       98%         1
 Call Imp                 Summ           0%         N/A       99%         2
 Slow                     Hex            0%         N/A       99%         2
 Call Canine Familiar     Summ           0%         N/A       100%        3
 Conjure Flame            Conj/Fire      0%         6-21      100%        3
 Inner Flame              Hex/Fire       0%         N/A       100%        3
 Mephitic Cloud           Conj/Pois/Air  0%         N/A       100%        3
 Portal Projectile        Hex/Tloc       0%         N/A       100%        3
 Summon Guardian Golem    Hex/Summ       0%         N/A       100%        3
 Tukima's Dance           Hex            0%         N/A       100%        3
 Summon Ice Beast         Ice/Summ       0%         N/A       100%        4
 Summon Lightning Spire   Summ/Air       0%         N/A       100%        4
 Bolt of Magma            Conj/Fire/Erth 0%         4d4       100%        5
 Invisibility             Hex            0%         N/A       100%        6
 Blink                    Tloc           Unusable   N/A       N/A         2

Dungeon Overview and Level Annotations

Branches:
Dungeon (5/15)
 Temple: D:4-7

Altars:


Innate Abilities, Weirdness & Mutations

You cannot be hasted, slowed, berserked, paralysed or teleported.
You can dig through walls and to a lower floor.
You have a pair of large antennae on your head. (SInv)
Your four strong arms can wield two-handed weapons with a shield.


Message History

Found 21 bolts.
An iguana comes into view.
The iguana hisses angrily.
An iguana and a jelly come into view.
The iguana hisses angrily.
The jelly quivers.
The iguana completely misses you.
You hit the iguana. Lightning courses through the iguana!
The iguana is almost dead.
The iguana bites you.
You hit the iguana. Lightning courses through the iguana!
You kill the iguana!
The jelly hits you but does no damage.
You hit the jelly.
Your hands burn!
The jelly is lightly wounded.
You block the jelly's attack. The iguana bites you. The jelly hits you.
You are splashed with acid.
You hit the jelly.
Your hands burn!
The jelly is moderately wounded.
The iguana bites you. The jelly hits you.
You are splashed with acid!
You are too injured to fight recklessly!
You are too injured to fight recklessly!
You are too injured to fight recklessly!
You are too injured to fight recklessly!
The iguana bites you!
* * * LOW HITPOINT WARNING * * *
It was a potion of curing.
You feel better. You block the iguana's attack.
You closely miss the iguana.
The iguana bites you but does no damage.
You hit the iguana.
The iguana is lightly wounded.
The iguana bites you!
* * * LOW HITPOINT WARNING * * *
There is an escape hatch in the ceiling here.
The iguana barely misses you. A mysterious force pulls you upwards.
The hatch slams shut behind you.
You hit the iguana.
The iguana is moderately wounded.
The iguana bites you!
You die...

#.#
#.#
#.#
#.#
#.#
###.#
#...#{
#..@#
#..l#
###.#
#.#
#.#
#.#
#.#
#.#


You could see an iguana.

Vanquished Creatures
  An ogre (D:5)
  2 centaur skeletons (D:5)
  2 iguanas (D:5)
  A hound zombie (D:5)
  3 adders
  2 dart slugs
  4 bats
  7 endoplasms
  8 giant cockroaches
  3 goblins
  4 hobgoblins
  8 jackals
  A quokka (D:2)
  6 ball pythons
  5 frilled lizards
  2 kobolds (D:1)
  5 rats
64 creatures vanquished.

Vanquished Creatures (others)
  2 plants (D:1)
2 creatures vanquished.

Grand Total: 66 creatures vanquished

Notes
Turn   | Place    | Note
-------+----------+-------------------------------------------
     0 | D:1      | Delamore the Formicid Fighter began the quest for the Orb.
     0 | D:1      | Reached XP level 1. HP: 18/18 MP: 1/1
    95 | D:1      | Reached XP level 2. HP: 24/24 MP: 2/2
   565 | D:1      | Reached XP level 3. HP: 30/30 MP: 3/3
  1008 | D:2      | Identified the Incunabulum of Blistering Hexes
  1085 | D:2      | Reached XP level 4. HP: 33/37 MP: 4/4
  1320 | D:2      | Found a faded altar of an unknown god.
  2132 | D:3      | You fall into a shaft and drop 2 floors!
  2132 | D:5      | Entered Level 5 of the Dungeon
  2149 | D:5      | Reached XP level 5. HP: 39/43 MP: 5/5
  2195 | D:5      | Noticed an ogre
  2211 | D:5      | Killed an ogre
  2212 | D:5      | Reached skill level 5 in Polearms
  2212 | D:5      | Reached XP level 6. HP: 12/50 MP: 6/6
  2265 | D:5      | Reached skill level 5 in Fighting
  2523 | D:4      | Mangled by an iguana

Illustrated notes

Levels and vault maps discovered:
D:1:      wander_arrival_fairy_ring, layout_loops_ring, minmay_worlds_worst_comb
D:2:      layout_basic, chequers_ecumenical_altar_island
D:3:      layout_basic, nicolae_sif_muna_little_library
D:4:      layout_basic, gammafunk_ghost_cemetery
D:5:      kb_forest_paths, layout_basic

Skill      XL: |  1  2  3  4  5  6 |
---------------+-------------------+-----
Polearms       | 3 4 5 |  5.6
Fighting       | 4 5 |  5.0
Armour         | |  3.2
Shields        | |  3.6

Action                   |  1- 3 |  4- 6 || total
-------------------------+-------+-------++-------
Melee: Trident           |    55 |       ||    55
       Dagger            |    62 |   109 ||   171
Throw: Dart              |       |     5 ||     5
 Abil: Dig               |       |     1 ||     1
  Use: Scroll            |     4 |     3 ||     7
       Potion            |       |     1 ||     1
Armor: Scale mail        |    38 |    44 ||    82
Dodge: Dodged            |    27 |    47 ||    74
Block: Kite shield       |    46 |    56 ||   102

Table legend: (Time is in decaauts)
 A = Elapsed time spent in this place.
 B = Non-inter-level travel time spent in this place.
 C = Inter-level travel time spent in this place.
 D = Time resting spent in this place.
 E = Time spent auto-exploring this place.
 F = Levels seen in this place.
 G = Mean time per level.
                   A        B        C        D        E       F      G
               +--------+--------+--------+--------+--------+-----+--------+
         Total |   2577 |   2555 |     22 |    265 |   1779 |   5 |  515.4 |
       Dungeon |   2577 |   2555 |     22 |    265 |   1779 |   5 |  515.4 |
               +--------+--------+--------+--------+--------+-----+--------+

Top non-repeatable levels by time:
     D:1: 848 daAuts
     D:2: 800 daAuts
     D:3: 531 daAuts
     D:5: 397 daAuts
     D:4: 0 daAuts
